 Dungeon Sprint DCSS version 0.20-a0-893-g832831a (webtiles) character file.

42058 esc the Brawler (level 13, -14/158 HPs)
             Began as a Troll Berserker on Mar 16, 2017.
             Was an Elder of Trog.
             Demolished by a seraph
             ... wielding a +8 great sword of flaming
              (49 damage)
             ... in the Dungeon (Sprint IV: "Fedhas' Mad Dash").
             The game lasted 00:26:49 (3482 turns).

esc the Brawler (Troll Berserker)                   Turns: 3482, Time: 00:26:50

Health: -14/158    AC: 17    Str: 28    XL:     13   Next: 83%
Magic:  12/12      EV: 19    Int:  3    God:    Trog [****..]
Gold:   19         SH:  0    Dex: 13    Spells: 12/12 levels left

rFire    + + .     SeeInvis .     - Unarmed
rCold    + . .     Gourm    +   c - +5 faerie dragon scales {rF+ rCorr Slay+4}
rNeg     . . .     Faith    .   (no shield)
rPois    +         Spirit   .   (helmet restricted)
rElec    +         Reflect  .   o - +0 cloak
rCorr    +         Harm     .   (gloves unavailable)
MR       .....     NoTele   +   (boots unavailable)
Stlth    +.........             i - amulet of invisibility {+Inv}
Regen    0.8/turn               (no ring)
MPRegen  0.2/turn               (no ring)

@: exhausted, resistant, very slightly contaminated, hasted, glowing, very quick
A: unfitting armour, claws 3, fast metabolism 3, gourmand, regeneration 1,
shaggy fur 1, tough skin 2
0: Orb of Zot
a: Berserk, Trog's Hand, Brothers in Arms, Burn Spellbooks, Renounce Religion,
Evoke Invisibility


You were in the Dungeon.
You worshipped Trog.
Trog was greatly pleased with you.
You were not hungry.

You visited 1 branch You collected 503 gold pieces.
You spent 484 gold pieces at shops.

Inventory:

Hand Weapons
 h - a +4 double sword of holy wrath
   (Trog gifted it to you in the Dungeon)
Armour
 c - the +5 faerie dragon scales (worn) {rF+ rCorr Slay+4}
   (You took it off the Enchantress in the Dungeon)

   It affects your accuracy and damage with ranged weapons and melee attacks
   (+4).
   It protects you from fire.
   It protects you from acid and corrosion.
 o - a +0 cloak (worn)
   (You bought it in a shop in the Dungeon)
Jewellery
 a - the amulet of New Discoveries {Inacc rElec SInv}
   (You found it in the Dungeon)

   [amulet of inaccuracy]

   It reduces the accuracy of all your attacks.
   It insulates you from electricity.
   It lets you see invisible.
 i - the amulet of invisibility (around neck) {+Inv}
   (You found it in the Dungeon)

   [amulet of nothing]

   It lets you turn invisible.
Scrolls
 j - a scroll of identify
Potions
 e - a potion of haste
 f - 2 potions of magic
 g - a potion of berserk rage {!q}
Books
 l - a Grand Grimoire
   (You found it in the Dungeon)
 m - a book of Minor Magic
   (You found it in the Dungeon)
Comestibles
 b - a bread ration {@e1}


   Skills:
 + Level 17.6 Fighting
 + Level 7.5 Armour
 + Level 17.6 Dodging
 + Level 20.4 Unarmed Combat


You had 12 spell levels left.
You didn't know any spells.

Dungeon Overview and Level Annotations

Branches:
Dungeon (1/1)

Altars:
Cheibriados
Dithmenos
Elyvilon
Gozag
Hepliaklqana
Kikubaaqudgha
Makhleb
Nemelex Xobeh
Okawaru
Qazlal
Ru
Sif Muna
Trog
Uskayaw
Vehumet
Wu Jian
Xom
Yredelemnul
Zin
The Shining One
Beogh
Jiyva
Lugonu

Shops:
D :*%::=!??*[(**=**?}[%


Innate Abilities, Weirdness & Mutations

You are too large for most types of armour.
You have claws for hands.
Your metabolism is lightning-fast.
You like to eat raw meat.
Your natural rate of healing is unusually fast.
You are covered in fur. (AC +1)
You have very tough skin. (AC +2)


Message History

You turn to flesh and can move again.
Unknown command.
Unknown command.
Unknown command.
You now have 71/157 hp.
Unknown command.
Unknown command.
Unknown command.
Unknown command.
Unknown command.
You eviscerate the soul eater!!!
You kill the soul eater!
You feel sick.
You take 1 damage, and have 70/157 hp.
You mangle the green death!!
You feel sick.
You completely miss the green death. You claw the green death!
The green death misses you.
You mangle the green death!! You claw the green death!
You kill the green death!
Trog accepts your kill.
Trog will gift you weapons as your piety grows.
You feel sick.
You feel better.
You regained 11 hp, and now have 81/157 hp.
There is an open door here.
An angel comes into view. It is wielding a whip of holy wrath.
Your extra speed is starting to run out.
The angel shouts!
You regained 10 hp, and now have 91/157 hp.
Okay, then.
Okay, then.
You feel yourself slow down.
The angel hits you with a whip of holy wrath!
The angel hits you but does no damage.
You take 8 damage, and have 86/157 hp.
You miss the angel.
The angel hits you with a whip of holy wrath!!
The angel hits you but does no damage.
You take 18 damage, and have 68/157 hp.
Your iron troll goes berserk!
You feel quite a bit more hungry. Trog will no longer gift you weapons.
The angel misses you.
The angel hits you with a whip of holy wrath.
The angel misses you. The angel hits you but does no damage.
You take 1 damage, and have 67/157 hp.
You mangle the angel!!
You feel yourself speed up.
The angel hits you but does no damage. x2
The angel hits you with a whip of holy wrath.
The angel hits you but does no damage.
You take 5 damage, and have 62/157 hp.
The angel hits you with a whip of holy wrath!
The angel hits you but does no damage.
A seraph comes into view.
It is wielding a great sword of flaming.
You take 6 damage, and have 56/157 hp.
You eviscerate the angel!!! The angel completely misses you.
The angel hits you but does no damage.
You miss the angel.
The angel hits you but does no damage. x2
Your iron troll bites the angel!
Your iron troll claws the angel!!
The angel dies!
Trog accepts your kill.
The seraph gestures.
You feel yourself speed up.
The angel dissolves into sparkling lights!
The cherub dissolves into sparkling lights!
The angel dissolves into sparkling lights! x2
The seraph gestures.
The seraph begins to accept its allies' injuries.
Unknown command.
The cherub's human head shouts!
The seraph shouts a warning to its allies!
What are your orders? t - Shout!
Orders for allies: a - Attack new target. r - Retreat! s - Stop attacking. g - Guard the area. f - Follow me.
Anything else - Cancel.
Gang up on whom?
Aim: a seraph, wielding a great sword of flaming and wearing glowing fire dragon scales (haloed) Attack!
The angel closely misses you.
The angel hits you with a whip of holy wrath.
The cherub sings a powerful hymn!
The angels go into a battle-frenzy!
You take 2 damage, and have 57/158 hp.
The angel closely misses you.
The angel hits you with a whip of holy wrath.
Your iron troll bites the angel!
Your iron troll claws the angel!!
Your iron troll claws the angel but does no damage.
You take 1 damage, and have 56/158 hp.
The seraph shouts a warning to its allies!
The angel hits you with a sacred scourge of holy wrath!!
* * * LOW HITPOINT WARNING * * *
The angel closely misses you.
You take 22 damage, and have 34/158 hp.
Okay, then.
You claw the seraph! You claw the seraph, but do no damage.
The angel hits you but does no damage. The angel misses you.
The seraph hits you with a great sword of flaming!!!
You die...

#∩...................P.#####
#∩.....%%............P(())((
#∩...................P...###
###########'############## #
#.)...A....# ###..#####
#.......P..# #....'....
###.P.A..### #....#####
###.AA## ##....# #
#.@AT####.....#####
#.....).......'....
#.............#####
###########################
#........♣..♣..♣..♣..♣..♣..
#......).............)..)..
#.......[♣.)♣..♣..♣..♣..♣..
##''''#####################
#......# ######.....#


You could see a seraph, 2 angels, 2 cherubim and a friendly iron troll
(berserk).

Vanquished Creatures
  A pandemonium lord (D)
  the Enchantress (D)
  A Hell Sentinel (D)
  A ghost moth (D)
  5 spriggan defenders (D)
  A green death (D)
  A rakshasa (D)
  3 spriggan berserkers (D)
  A soul eater (D)
  4 spriggan druids (D)
  14 oklob plants (D)
  3 moths of wrath (D)
  2 demonic crawlers (D)
  3 burning bushes (D)
  2 queen bees (D)
  6 hornets (D)
  3 wandering mushrooms (D)
  2 scorpions (D)
  2 killer bees (D)
  An iron imp (D)
  5 oklob saplings (D)
  2 worker ants (D)
  6 spriggans (D)
  A river rat (D)
  A rat (D)
  5 ballistomycetes (D)
  2 ballistomycete spores (D)
79 creatures vanquished.

Vanquished Creatures (collateral kills)
  Agnes (D)
  A ghost moth (D)
  A spriggan defender (D)
  An angel (D)
  2 spriggan berserkers (D)
  A large abomination (D)
  11 oklob plants (D)
  2 demonic crawlers (D)
  4 hornets (D)
  5 spriggans (D)
  A neqoxec (D)
  2 killer bees (D)
32 creatures vanquished.

Vanquished Creatures (others)
  A fungus (D)
1 creature vanquished.

Grand Total: 112 creatures vanquished

Notes
Turn   | Place    | Note
-------+----------+-------------------------------------------
     0 | D        | esc the Troll Berserker began the quest for the Orb.
     0 | D        | Reached XP level 1. HP: 22/22 MP: 0/0
     8 | D        | Reached skill level 3 in Fighting
     8 | D        | Reached skill level 3 in Dodging
     8 | D        | Reached XP level 2. HP: 30/31 MP: 1/1
   120 | D        | Noticed an oklob sapling
   128 | D        | Reached ** piety under Trog
   128 | D        | Reached skill level 4 in Unarmed Combat
   128 | D        | Reached XP level 3. HP: 24/39 MP: 2/2
   183 | D        | Killed an oklob sapling
   183 | D        | Reached skill level 4 in Fighting
   183 | D        | Reached skill level 4 in Dodging
   183 | D        | Reached skill level 5 in Unarmed Combat
   260 | D        | Found an opulent altar of Gozag.
   260 | D        | Found a hazy altar of Hepliaklqana.
   260 | D        | Found a burning altar of Makhleb.
   260 | D        | Found a roughly hewn altar of Beogh.
   260 | D        | Found a sparkling altar of Nemelex Xobeh.
   260 | D        | Found a snail-covered altar of Cheibriados.
   260 | D        | Found a sacrificial altar of Ru.
   260 | D        | Found a deep blue altar of Sif Muna.
   260 | D        | Found a shimmering altar of Xom.
   260 | D        | Found a basalt altar of Yredelemnul.
   261 | D        | Found a viscous altar of Jiyva.
   261 | D        | Found a bloodstained altar of Trog.
   261 | D        | Found an ornate altar of the Wu Jian Council.
   261 | D        | Noticed an oklob sapling priest
   262 | D        | Found an iron altar of Okawaru.
   262 | D        | Found a shadowy altar of Dithmenos.
   262 | D        | Found a glowing silver altar of Zin.
   263 | D        | Found an ancient bone altar of Kikubaaqudgha.
   263 | D        | Found a hide-covered altar of Uskayaw.
   264 | D        | Found a stormy altar of Qazlal.
   264 | D        | Found a white marble altar of Elyvilon.
   264 | D        | Found a glowing golden altar of the Shining One.
   265 | D        | Found a corrupted altar of Lugonu.
   265 | D        | Found a radiant altar of Vehumet.
   271 | D        | Killed an oklob sapling priest
   271 | D        | Reached skill level 5 in Fighting
   271 | D        | Reached skill level 5 in Dodging
   271 | D        | Reached skill level 6 in Unarmed Combat
   271 | D        | Reached XP level 4. HP: 50/50 MP: 0/3
   390 | D        | Reached *** piety under Trog
   390 | D        | Reached XP level 5. HP: 57/57 MP: 1/4
   396 | D        | Reached skill level 7 in Unarmed Combat
   398 | D        | Reached skill level 6 in Fighting
   398 | D        | Reached skill level 6 in Dodging
   408 | D        | Found Azoor's Jewellery Shop.
   408 | D        | Found Juadoat's Assorted Antiques.
   471 | D        | Noticed a burning bush
   471 | D        | Noticed a wandering mushroom
   472 | D        | Noticed a wandering mushroom
   478 | D        | Killed a wandering mushroom
   478 | D        | Reached **** piety under Trog
   478 | D        | Reached skill level 7 in Fighting
   478 | D        | Reached skill level 7 in Dodging
   478 | D        | Reached skill level 8 in Unarmed Combat
   478 | D        | Reached XP level 6. HP: 71/71 MP: 2/5
   483 | D        | Killed a burning bush
   483 | D        | Reached skill level 8 in Fighting
   483 | D        | Reached skill level 8 in Dodging
   483 | D        | Reached skill level 9 in Unarmed Combat
   483 | D        | Reached XP level 7. HP: 73/80 MP: 2/6
   486 | D        | Killed a wandering mushroom
   486 | D        | Reached skill level 10 in Unarmed Combat
   603 | D        | Found Daniligh's Gadget Emporium.
   603 | D        | Found Punappih's Magic Scroll Shoppe.
   647 | D        | Reached ***** piety under Trog
   654 | D        | Noticed a queen bee
   665 | D        | Killed a queen bee
   665 | D        | Received a gift from Trog
   665 | D        | Reached skill level 9 in Fighting
   665 | D        | Reached skill level 9 in Dodging
   665 | D        | Reached XP level 8. HP: 92/92 MP: 7/7
   677 | D        | Noticed an oklob plant
   679 | D        | Killed an oklob plant
   679 | D        | Reached skill level 11 in Unarmed Combat
   705 | D        | Noticed a burning bush
   709 | D        | Killed a burning bush
   719 | D        | Noticed a burning bush
   719 | D        | Noticed an oklob plant
   754 | D        | Noticed a wandering mushroom
   758 | D        | Killed a burning bush
   758 | D        | Reached skill level 10 in Fighting
   758 | D        | Reached skill level 10 in Dodging
   769 | D        | Killed an oklob plant
   769 | D        | Reached skill level 12 in Unarmed Combat
   769 | D        | Reached XP level 9. HP: 78/102 MP: 6/8
   774 | D        | Killed a wandering mushroom
   864 | D        | Noticed a spriggan druid
   867 | D        | Killed a spriggan druid
   867 | D        | Reached skill level 11 in Fighting
   867 | D        | Reached skill level 11 in Dodging
   867 | D        | Reached skill level 13 in Unarmed Combat
   907 | D        | Noticed an oklob plant conjurer
   909 | D        | Killed an oklob plant conjurer
   943 | D        | Noticed an oklob plant
   943 | D        | Noticed an oklob plant summoner
   944 | D        | Noticed an oklob plant shifter
   950 | D        | Killed an oklob plant
   950 | D        | Received a gift from Trog
   954 | D        | Killed an oklob plant summoner
   954 | D        | Reached ****** piety under Trog
   958 | D        | Killed an oklob plant shifter
   958 | D        | Reached XP level 10. HP: 93/115 MP: 7/9
  1035 | D        | Noticed a spriggan rider
  1038 | D        | Received a gift from Trog
  1042 | D        | Reached skill level 12 in Fighting
  1042 | D        | Reached skill level 14 in Unarmed Combat
  1047 | D        | Found Joipic Faure's Antique Armour Emporium.
  1050 | D        | Found Huajen's Food Shoppe.
  1104 | D        | Bought a cloak for 121 gold pieces
  1145 | D        | Noticed Agnes
  1150 | D        | Killed Agnes
  1150 | D        | Reached skill level 12 in Dodging
  1152 | D        | Found Lobonera's General Store.
  1152 | D        | Noticed a spriggan berserker
  1159 | D        | Killed a spriggan berserker
  1167 | D        | Noticed a spriggan rider
  1187 | D        | Killed a spriggan rider
  1187 | D        | Received a gift from Trog
  1275 | D        | Found Peivepi's General Store.
  1276 | D        | Noticed a spriggan defender
  1286 | D        | Killed a spriggan defender
  1286 | D        | Reached skill level 13 in Fighting
  1286 | D        | Reached skill level 13 in Dodging
  1286 | D        | Reached skill level 15 in Unarmed Combat
  1383 | D        | Reached XP level 11. HP: 122/127 MP: 10/10
  1423 | D        | Found Guukh's Assorted Antiques.
  1423 | D        | Found Rucoch's Food Emporium.
  1423 | D        | Found Jial's Book Shoppe.
  1428 | D        | Killed a ghost moth
  1499 | D        | Noticed an oklob plant shifter
  1499 | D        | Noticed an oklob plant meteorologist
  1504 | D        | Killed an oklob plant meteorologist
  1513 | D        | Killed an oklob plant shifter
  1513 | D        | Received a gift from Trog
  1620 | D        | Found Okkaoc's Book Shoppe.
  1620 | D        | Found Luod Xaet's Jewellery Boutique.
  1622 | D        | Found Olosaun's Book Shop.
  1624 | D        | Found Xeadd's Magic Scroll Emporium.
  1624 | D        | Found Bygreal's Distillery.
  1627 | D        | Found Apekuu's General Store.
  1627 | D        | Found Itteimih's Armour Shop.
  1627 | D        | Found Peggyble's Magic Scroll Boutique.
  1630 | D        | Noticed an oklob plant
  1631 | D        | Noticed an oklob plant
  1632 | D        | Noticed an oklob plant
  1633 | D        | Noticed an oklob plant
  1634 | D        | Noticed an oklob plant
  1635 | D        | Noticed an oklob plant
  1753 | D        | Noticed an oklob plant summoner
  1757 | D        | Found Gaseqes's Antique Weapon Emporium.
  1758 | D        | Found Synix's Assorted Antiques.
  1766 | D        | Killed an oklob plant summoner
  1766 | D        | Reached skill level 16 in Unarmed Combat
  1832 | D        | Noticed an oklob plant demonologist
  1832 | D        | Noticed an oklob plant annihilator
  1870 | D        | Noticed a spriggan berserker
  1884 | D        | Noticed a death yak
  1884 | D        | Killed a spriggan berserker
  1890 | D        | Received a gift from Trog
  1959 | D        | Killed an oklob plant annihilator
  1959 | D        | Reached skill level 14 in Fighting
  1964 | D        | Killed an oklob plant demonologist
  1964 | D        | Reached skill level 14 in Dodging
  1968 | D        | Got a scintillating graven amulet
  1970 | D        | Identified the amulet of New Discoveries {Inacc rElec SInv} (You found it in the Dungeon)
  2008 | D        | esc: @?oklob plant
  2008 | D        | beem: oklob plant (P)
                  | Spd: 10 (stationary)
                  | HD: 10
                  | HP: 42-65
                  | AC/EV: 10/0
                  | plant, unbreathing
                  | Res: magic(40), poison, acid+++, drown, neg+++, torm
                  | XP: 557
                  | Sp: spit acid (3d7) [!AM, !sil]
                  | Sz: small
                  | Int: brainless.
  2106 | D        | Noticed an oklob plant
  2107 | D        | Noticed an oklob plant
  2111 | D        | Killed an oklob plant
  2112 | D        | Killed an oklob plant
  2113 | D        | Noticed an oklob plant
  2114 | D        | Noticed an oklob plant
  2118 | D        | Killed an oklob plant
  2220 | D        | Noticed an oklob plant
  2220 | D        | Killed an oklob plant
  2220 | D        | Received a gift from Trog
  2221 | D        | Noticed an oklob plant
  2223 | D        | Killed an oklob plant
  2224 | D        | Killed an oklob plant
  2226 | D        | Killed an oklob plant
  2229 | D        | Killed an oklob plant
  2232 | D        | Killed an oklob plant
  2232 | D        | Reached skill level 17 in Unarmed Combat
  2234 | D        | Killed an oklob plant
  2238 | D        | Killed an oklob plant
  2238 | D        | Received a gift from Trog
  2239 | D        | Killed an oklob plant
  2252 | D        | Noticed a spriggan defender
  2252 | D        | Noticed a spriggan defender
  2261 | D        | Killed a spriggan defender
  2261 | D        | Reached XP level 12. HP: 140/140 MP: 11/11
  2264 | D        | Killed a spriggan defender
  2264 | D        | Received a gift from Trog
  2264 | D        | Reached skill level 15 in Fighting
  2264 | D        | Reached skill level 15 in Dodging
  2443 | D        | Noticed a death yak
  2448 | D        | Reached skill level 18 in Unarmed Combat
  2462 | D        | Received a gift from Trog
  2546 | D        | Noticed a spriggan defender
  2567 | D        | HP: 36/214 [spriggan defender/enchanted quick blade (26)]
  2568 | D        | Killed a spriggan defender
  2767 | D        | Received a gift from Trog
  2793 | D        | Killed a ghost moth
  2793 | D        | Reached skill level 16 in Fighting
  2793 | D        | Reached skill level 16 in Dodging
  2799 | D        | HP: 35/144 [moth of wrath[a spriggan druid] (18)]
  2959 | D        | Noticed the Enchantress
  2971 | D        | Killed the Enchantress
  2971 | D        | Reached skill level 19 in Unarmed Combat
  3037 | D        | Got faerie dragon scales
  3048 | D        | Identified the +5 faerie dragon scales {rF+ rCorr Slay+4} (You took it off the Enchantress in the Dungeon)
  3071 | D        | Received a gift from Trog
  3071 | D        | Reached skill level 1 in Armour
  3071 | D        | Reached XP level 13. HP: 154/154 MP: 9/12
  3119 | D        | Reached skill level 2 in Armour
  3160 | D        | Noticed a spriggan defender
  3161 | D        | Noticed a spriggan defender
  3172 | D        | Killed a spriggan defender
  3175 | D        | Killed a spriggan defender
  3175 | D        | Reached skill level 3 in Armour
  3272 | D        | Got the Orb of Zot
  3303 | D        | Noticed a Hell Sentinel
  3313 | D        | Killed a Hell Sentinel
  3313 | D        | Received a gift from Trog
  3322 | D        | Reached skill level 4 in Armour
  3419 | D        | Bought a potion of haste for 110 gold pieces
  3419 | D        | Bought a potion of resistance for 110 gold pieces
  3419 | D        | Bought a potion of curing for 33 gold pieces
  3419 | D        | Bought a potion of haste for 110 gold pieces
  3421 | D        | Noticed a green death
  3423 | D        | Noticed Siz Tuox the pandemonium lord
  3436 | D        | Killed Siz Tuox the pandemonium lord
  3436 | D        | Reached skill level 17 in Fighting
  3436 | D        | Reached skill level 6 in Armour
  3436 | D        | Reached skill level 17 in Dodging
  3436 | D        | Reached skill level 20 in Unarmed Combat
  3438 | D        | Reached skill level 7 in Armour
  3450 | D        | Killed a green death
  3463 | D        | Noticed an angel
  3465 | D        | esc: @?angel
  3465 | D        | beem: angel (A)
                  | Spd:
    15 | HD: 12   | HP: 86-120
                  | AC/EV: 12/20
                  | Dam: 25, 10
                  | holy, weapons, items, doors, fighter, see invisible, fly
                  | Res: magic(120), elec, poison, rot, neg+++, holy+++
                  | XP: 1559
                  | Sp: minor healing (2d6+3) [!sil]
                  | Sz: Medium
                  | Int: human.
  3474 | D        | Noticed a seraph
  3475 | D        | Killed an angel
  3476 | D        | Noticed an angel
  3476 | D        | Noticed an angel
  3476 | D        | Noticed an angel
  3476 | D        | Noticed an angel
  3476 | D        | Noticed an angel
  3481 | D        | HP: 34/158 [angel/sacred scourge of holy wrath[a seraph] (22)]
  3482 | D        | Demolished by a seraph

Vault maps used:
D:        dungeon_sprint_fedhas

Skill      XL: |  1  2  3  4  5  6  7  8  9 10 11 12 13 |
---------------+----------------------------------------+-----
Fighting       | 3 5 7 8 9 10 11 13 14 16 17 | 17.6
Dodging        | 3 5 7 8 9 10 11 13 14 16 17 | 17.6
Unarmed Combat | 4 6 8 9 10 12 13 15 17 19 20 | 20.4
Armour         | 1 7 |  7.5

Action                   |  1- 3 |  4- 6 |  7- 9 | 10-12 | 13-15 || total
-------------------------+-------+-------+-------+-------+-------++-------
Melee: Unarmed           |    14 |    14 |    38 |   158 |    51 ||   275
       Punch             |       |       |     3 |    16 |     7 ||    26
Invok: Berserk           |     1 |     2 |     2 |     8 |     2 ||    15
       Brothers in Arms  |       |       |     1 |    10 |     5 ||    16
 Abil: Evoke Invisibilit |     2 |     2 |     3 |     7 |       ||    14
  Use: Scroll            |       |       |       |     2 |       ||     2
       Potion            |       |       |       |     1 |     5 ||     6
 Stab: Invisible         |     1 |       |     2 |     6 |       ||     9
       Sleeping          |       |     2 |     2 |       |       ||     4
       Distracted        |       |       |       |     1 |     1 ||     2
  Eat: Chunk             |     1 |       |     2 |    15 |     7 ||    25
       Bread ration      |       |     1 |       |     1 |       ||     2
       Royal jelly       |       |       |     3 |     8 |       ||    11
       Fruit             |       |       |       |     1 |       ||     1
Armor: Animal skin       |       |     2 |     1 |     4 |       ||     7
       Robe              |       |       |       |    10 |       ||    10
       Acid dragon scale |       |       |       |       |    15 ||    15
Dodge: Dodged            |     6 |       |    11 |    55 |    24 ||    96

Vault maps used:
D:        dungeon_sprint_fedhas

Table legend:
 A = Turns spent in this place as a percentage of turns spent in the entire game.
 B = Non-inter-level travel turns spent in this place as a percentage of non-inter-level travel turns spent in the entire game.
 C = Inter-level travel turns spent in this place as a percentage of turns spent in this place.
 D = Turns resting spent in this place as a percentage of non-inter-level travel turns spent in this place.
 E = Turns spent auto-exploring this place as a percentage of non-inter-level travel turns spent in this place.
 F = Non-inter-level travel turns spent in this place divided by the number of levels of this place that you've seen.
                   A       B       C       D       E      F
               +-------+-------+-------+-------+-------+----------------------
         Total | 100.0 | 100.0 |   0.3 |   7.6 |   0.0 | 1833.0
       Dungeon | 100.0 | 100.0 |   0.3 |   7.6 |   0.0 | 1833.0
               +-------+-------+-------+-------+-------+----------------------

Table legend:
 A = Kills in this place as a percentage of kills in entire the game.
 B = Kills by you in this place as a percentage of kills by you in the entire game.
 C = Kills by friends in this place as a percentage of kills by friends in the entire game.
 D = Other kills in this place as a percentage of other kills in the entire game.
 E = Experience gained in this place as a percentage of experience gained in the entire game.
 F = Experience gained in this place divided by the number of levels of this place that you have seen.
                   A       B       C       D       E      F
               +-------+-------+-------+-------+-------+----------------------
         Total | 100.0 | 100.0 | 100.0 |  -nan | 100.0 | 60084.0
       Dungeon | 100.0 | 100.0 | 100.0 |  -nan | 100.0 | 60084.0
               +-------+-------+-------+-------+-------+----------------------
